%YAML 1.1
%TAG !u! tag:unity3d.com,2011:
--- !u!1 &8029537219021938031
GameObject:
  m_ObjectHideFlags: 0
  m_CorrespondingSourceObject: {fileID: 0}
  m_PrefabInstance: {fileID: 0}
  m_PrefabAsset: {fileID: 0}
  serializedVersion: 6
  m_Component:
  - component: {fileID: 6744677492508528951}
  - component: {fileID: 254084538423887320}
  m_Layer: 12
  m_Name: BubbleFeedback
  m_TagString: Untagged
  m_Icon: {fileID: -5397416234189338067, guid: 0000000000000000d000000000000000, type: 0}
  m_NavMeshLayer: 0
  m_StaticEditorFlags: 0
  m_IsActive: 1
--- !u!4 &6744677492508528951
Transform:
  m_ObjectHideFlags: 0
  m_CorrespondingSourceObject: {fileID: 0}
  m_PrefabInstance: {fileID: 0}
  m_PrefabAsset: {fileID: 0}
  m_GameObject: {fileID: 8029537219021938031}
  m_LocalRotation: {x: 0, y: 0, z: 0, w: 1}
  m_LocalPosition: {x: 7.33, y: 0, z: 3.97}
  m_LocalScale: {x: 1, y: 1, z: 1}
  m_Children:
  - {fileID: 8243784708648714688}
  - {fileID: 1873929519508994270}
  - {fileID: 8947070288017272457}
  m_Father: {fileID: 0}
  m_RootOrder: 0
  m_LocalEulerAnglesHint: {x: 0, y: 0, z: 0}
--- !u!114 &254084538423887320
MonoBehaviour:
  m_ObjectHideFlags: 0
  m_CorrespondingSourceObject: {fileID: 0}
  m_PrefabInstance: {fileID: 0}
  m_PrefabAsset: {fileID: 0}
  m_GameObject: {fileID: 8029537219021938031}
  m_Enabled: 1
  m_EditorHideFlags: 0
  m_Script: {fileID: 11500000, guid: 0a83cf53c14b2fc40b7485f6dc06c603, type: 3}
  m_Name: 
  m_EditorClassIdentifier: 
  wrong: {fileID: 2100000, guid: cb905e7c9c9916e4e9f7a6cd8e0a66d7, type: 2}
  right: {fileID: 2100000, guid: 432ea82ec2c3efd4799842025a5e3a38, type: 2}
  render:
  - {fileID: 8243784708650484514}
  - {fileID: 1873929519507094078}
  - {fileID: 8947070288015502441}
--- !u!1001 &1873929519509119582
PrefabInstance:
  m_ObjectHideFlags: 0
  serializedVersion: 2
  m_Modification:
    m_TransformParent: {fileID: 6744677492508528951}
    m_Modifications:
    - target: {fileID: 100000, guid: b17bf84515fc3dd41beed5ba64edada9, type: 3}
      propertyPath: m_Name
      value: Burbuja_Tanque
      objectReference: {fileID: 0}
    - target: {fileID: 100000, guid: b17bf84515fc3dd41beed5ba64edada9, type: 3}
      propertyPath: m_Layer
      value: 12
      objectReference: {fileID: 0}
    - target: {fileID: 100002, guid: b17bf84515fc3dd41beed5ba64edada9, type: 3}
      propertyPath: m_Layer
      value: 12
      objectReference: {fileID: 0}
    - target: {fileID: 400000, guid: b17bf84515fc3dd41beed5ba64edada9, type: 3}
      propertyPath: m_LocalPosition.x
      value: -0.001
      objectReference: {fileID: 0}
    - target: {fileID: 400000, guid: b17bf84515fc3dd41beed5ba64edada9, type: 3}
      propertyPath: m_LocalPosition.y
      value: -0.245
      objectReference: {fileID: 0}
    - target: {fileID: 400000, guid: b17bf84515fc3dd41beed5ba64edada9, type: 3}
      propertyPath: m_LocalPosition.z
      value: -0.123
      objectReference: {fileID: 0}
    - target: {fileID: 400000, guid: b17bf84515fc3dd41beed5ba64edada9, type: 3}
      propertyPath: m_LocalRotation.x
      value: 0
      objectReference: {fileID: 0}
    - target: {fileID: 400000, guid: b17bf84515fc3dd41beed5ba64edada9, type: 3}
      propertyPath: m_LocalRotation.y
      value: -0
      objectReference: {fileID: 0}
    - target: {fileID: 400000, guid: b17bf84515fc3dd41beed5ba64edada9, type: 3}
      propertyPath: m_LocalRotation.z
      value: -0
      objectReference: {fileID: 0}
    - target: {fileID: 400000, guid: b17bf84515fc3dd41beed5ba64edada9, type: 3}
      propertyPath: m_LocalRotation.w
      value: 1
      objectReference: {fileID: 0}
    - target: {fileID: 400000, guid: b17bf84515fc3dd41beed5ba64edada9, type: 3}
      propertyPath: m_RootOrder
      value: 1
      objectReference: {fileID: 0}
    - target: {fileID: 400000, guid: b17bf84515fc3dd41beed5ba64edada9, type: 3}
      propertyPath: m_LocalEulerAnglesHint.x
      value: 0
      objectReference: {fileID: 0}
    - target: {fileID: 400000, guid: b17bf84515fc3dd41beed5ba64edada9, type: 3}
      propertyPath: m_LocalEulerAnglesHint.y
      value: 0
      objectReference: {fileID: 0}
    - target: {fileID: 400000, guid: b17bf84515fc3dd41beed5ba64edada9, type: 3}
      propertyPath: m_LocalEulerAnglesHint.z
      value: 0
      objectReference: {fileID: 0}
    - target: {fileID: 2300000, guid: b17bf84515fc3dd41beed5ba64edada9, type: 3}
      propertyPath: m_Materials.Array.data[0]
      value: 
      objectReference: {fileID: 2100000, guid: 432ea82ec2c3efd4799842025a5e3a38, type: 2}
    m_RemovedComponents: []
  m_SourcePrefab: {fileID: 100100000, guid: b17bf84515fc3dd41beed5ba64edada9, type: 3}
--- !u!4 &1873929519508994270 stripped
Transform:
  m_CorrespondingSourceObject: {fileID: 400000, guid: b17bf84515fc3dd41beed5ba64edada9,
    type: 3}
  m_PrefabInstance: {fileID: 1873929519509119582}
  m_PrefabAsset: {fileID: 0}
--- !u!23 &1873929519507094078 stripped
MeshRenderer:
  m_CorrespondingSourceObject: {fileID: 2300000, guid: b17bf84515fc3dd41beed5ba64edada9,
    type: 3}
  m_PrefabInstance: {fileID: 1873929519509119582}
  m_PrefabAsset: {fileID: 0}
--- !u!1001 &8243784708648590146
PrefabInstance:
  m_ObjectHideFlags: 0
  serializedVersion: 2
  m_Modification:
    m_TransformParent: {fileID: 6744677492508528951}
    m_Modifications:
    - target: {fileID: 100002, guid: 2bd0951556c4c1f46bf5a545a2b59e1b, type: 3}
      propertyPath: m_Name
      value: Burbuja_0
      objectReference: {fileID: 0}
    - target: {fileID: 100002, guid: 2bd0951556c4c1f46bf5a545a2b59e1b, type: 3}
      propertyPath: m_Layer
      value: 12
      objectReference: {fileID: 0}
    - target: {fileID: 100000, guid: 2bd0951556c4c1f46bf5a545a2b59e1b, type: 3}
      propertyPath: m_Layer
      value: 12
      objectReference: {fileID: 0}
    - target: {fileID: 400002, guid: 2bd0951556c4c1f46bf5a545a2b59e1b, type: 3}
      propertyPath: m_LocalPosition.x
      value: -0
      objectReference: {fileID: 0}
    - target: {fileID: 400002, guid: 2bd0951556c4c1f46bf5a545a2b59e1b, type: 3}
      propertyPath: m_LocalPosition.y
      value: -0.18
      objectReference: {fileID: 0}
    - target: {fileID: 400002, guid: 2bd0951556c4c1f46bf5a545a2b59e1b, type: 3}
      propertyPath: m_LocalPosition.z
      value: 0
      objectReference: {fileID: 0}
    - target: {fileID: 400002, guid: 2bd0951556c4c1f46bf5a545a2b59e1b, type: 3}
      propertyPath: m_LocalRotation.x
      value: 0
      objectReference: {fileID: 0}
    - target: {fileID: 400002, guid: 2bd0951556c4c1f46bf5a545a2b59e1b, type: 3}
      propertyPath: m_LocalRotation.y
      value: -0
      objectReference: {fileID: 0}
    - target: {fileID: 400002, guid: 2bd0951556c4c1f46bf5a545a2b59e1b, type: 3}
      propertyPath: m_LocalRotation.z
      value: -0
      objectReference: {fileID: 0}
    - target: {fileID: 400002, guid: 2bd0951556c4c1f46bf5a545a2b59e1b, type: 3}
      propertyPath: m_LocalRotation.w
      value: 1
      objectReference: {fileID: 0}
    - target: {fileID: 400002, guid: 2bd0951556c4c1f46bf5a545a2b59e1b, type: 3}
      propertyPath: m_RootOrder
      value: 0
      objectReference: {fileID: 0}
    - target: {fileID: 400002, guid: 2bd0951556c4c1f46bf5a545a2b59e1b, type: 3}
      propertyPath: m_LocalEulerAnglesHint.x
      value: 0
      objectReference: {fileID: 0}
    - target: {fileID: 400002, guid: 2bd0951556c4c1f46bf5a545a2b59e1b, type: 3}
      propertyPath: m_LocalEulerAnglesHint.y
      value: 0
      objectReference: {fileID: 0}
    - target: {fileID: 400002, guid: 2bd0951556c4c1f46bf5a545a2b59e1b, type: 3}
      propertyPath: m_LocalEulerAnglesHint.z
      value: 0
      objectReference: {fileID: 0}
    - target: {fileID: 2300000, guid: 2bd0951556c4c1f46bf5a545a2b59e1b, type: 3}
      propertyPath: m_Materials.Array.data[0]
      value: 
      objectReference: {fileID: 2100000, guid: 432ea82ec2c3efd4799842025a5e3a38, type: 2}
    m_RemovedComponents: []
  m_SourcePrefab: {fileID: 100100000, guid: 2bd0951556c4c1f46bf5a545a2b59e1b, type: 3}
--- !u!4 &8243784708648714688 stripped
Transform:
  m_CorrespondingSourceObject: {fileID: 400002, guid: 2bd0951556c4c1f46bf5a545a2b59e1b,
    type: 3}
  m_PrefabInstance: {fileID: 8243784708648590146}
  m_PrefabAsset: {fileID: 0}
--- !u!23 &8243784708650484514 stripped
MeshRenderer:
  m_CorrespondingSourceObject: {fileID: 2300000, guid: 2bd0951556c4c1f46bf5a545a2b59e1b,
    type: 3}
  m_PrefabInstance: {fileID: 8243784708648590146}
  m_PrefabAsset: {fileID: 0}
--- !u!1001 &8947070288017667081
PrefabInstance:
  m_ObjectHideFlags: 0
  serializedVersion: 2
  m_Modification:
    m_TransformParent: {fileID: 6744677492508528951}
    m_Modifications:
    - target: {fileID: 400000, guid: ba562b8f9d94cf540896c41de6b7d298, type: 3}
      propertyPath: m_LocalPosition.x
      value: -0
      objectReference: {fileID: 0}
    - target: {fileID: 400000, guid: ba562b8f9d94cf540896c41de6b7d298, type: 3}
      propertyPath: m_LocalPosition.y
      value: 0.01
      objectReference: {fileID: 0}
    - target: {fileID: 400000, guid: ba562b8f9d94cf540896c41de6b7d298, type: 3}
      propertyPath: m_LocalPosition.z
      value: 0
      objectReference: {fileID: 0}
    - target: {fileID: 400000, guid: ba562b8f9d94cf540896c41de6b7d298, type: 3}
      propertyPath: m_LocalRotation.x
      value: 0
      objectReference: {fileID: 0}
    - target: {fileID: 400000, guid: ba562b8f9d94cf540896c41de6b7d298, type: 3}
      propertyPath: m_LocalRotation.y
      value: -0
      objectReference: {fileID: 0}
    - target: {fileID: 400000, guid: ba562b8f9d94cf540896c41de6b7d298, type: 3}
      propertyPath: m_LocalRotation.z
      value: -0
      objectReference: {fileID: 0}
    - target: {fileID: 400000, guid: ba562b8f9d94cf540896c41de6b7d298, type: 3}
      propertyPath: m_LocalRotation.w
      value: 1
      objectReference: {fileID: 0}
    - target: {fileID: 400000, guid: ba562b8f9d94cf540896c41de6b7d298, type: 3}
      propertyPath: m_RootOrder
      value: 2
      objectReference: {fileID: 0}
    - target: {fileID: 400000, guid: ba562b8f9d94cf540896c41de6b7d298, type: 3}
      propertyPath: m_LocalEulerAnglesHint.x
      value: 0
      objectReference: {fileID: 0}
    - target: {fileID: 400000, guid: ba562b8f9d94cf540896c41de6b7d298, type: 3}
      propertyPath: m_LocalEulerAnglesHint.y
      value: 0
      objectReference: {fileID: 0}
    - target: {fileID: 400000, guid: ba562b8f9d94cf540896c41de6b7d298, type: 3}
      propertyPath: m_LocalEulerAnglesHint.z
      value: 0
      objectReference: {fileID: 0}
    - target: {fileID: 400000, guid: ba562b8f9d94cf540896c41de6b7d298, type: 3}
      propertyPath: m_LocalScale.x
      value: 15
      objectReference: {fileID: 0}
    - target: {fileID: 400000, guid: ba562b8f9d94cf540896c41de6b7d298, type: 3}
      propertyPath: m_LocalScale.z
      value: 15
      objectReference: {fileID: 0}
    - target: {fileID: 400000, guid: ba562b8f9d94cf540896c41de6b7d298, type: 3}
      propertyPath: m_LocalScale.y
      value: 15
      objectReference: {fileID: 0}
    - target: {fileID: 100000, guid: ba562b8f9d94cf540896c41de6b7d298, type: 3}
      propertyPath: m_Name
      value: PlaneCicle
      objectReference: {fileID: 0}
    - target: {fileID: 100000, guid: ba562b8f9d94cf540896c41de6b7d298, type: 3}
      propertyPath: m_Layer
      value: 12
      objectReference: {fileID: 0}
    - target: {fileID: 2300000, guid: ba562b8f9d94cf540896c41de6b7d298, type: 3}
      propertyPath: m_Materials.Array.data[0]
      value: 
      objectReference: {fileID: 2100000, guid: 432ea82ec2c3efd4799842025a5e3a38, type: 2}
    - target: {fileID: 100002, guid: ba562b8f9d94cf540896c41de6b7d298, type: 3}
      propertyPath: m_Layer
      value: 12
      objectReference: {fileID: 0}
    m_RemovedComponents: []
  m_SourcePrefab: {fileID: 100100000, guid: ba562b8f9d94cf540896c41de6b7d298, type: 3}
--- !u!4 &8947070288017272457 stripped
Transform:
  m_CorrespondingSourceObject: {fileID: 400000, guid: ba562b8f9d94cf540896c41de6b7d298,
    type: 3}
  m_PrefabInstance: {fileID: 8947070288017667081}
  m_PrefabAsset: {fileID: 0}
--- !u!23 &8947070288015502441 stripped
MeshRenderer:
  m_CorrespondingSourceObject: {fileID: 2300000, guid: ba562b8f9d94cf540896c41de6b7d298,
    type: 3}
  m_PrefabInstance: {fileID: 8947070288017667081}
  m_PrefabAsset: {fileID: 0}
